 Dungeon Crawl Stone Soup version 0.28-a0-1567-g1695149f81 (webtiles) character file.

Game seed: 16219736896519292315

2417 bladeefan the Fighter (level 9, -1/75 HPs)
             Began as a Demonspawn Fighter on Jan 20, 2022.
             Was an Initiate of Yredelemnul.
             Slain by Maggie (6 damage)
             ... on level 8 of the Dungeon.
             The game lasted 00:13:16 (9285 turns).

bladeefan the Fighter (Demonspawn Fighter)          Turns: 9285, Time: 00:13:17

Health: -1/75      AC:  4    Str: 20    XL:     9   Next: 24%
Magic:  0/9        EV:  9    Int: 15    God:    Yredelemnul [......]
Gold:   327        SH:  6    Dex: 14    Spells: 8/8 levels left

rFire   . . .      SeeInvis .   m - +2 whip of Dishonesty {elec, Int+2}
rCold   + . .      Faith    .   c - +1 buckler
rNeg    + . .      Spirit   +   b - +0 scale mail
rPois   .          Reflect  .   (helmet restricted)
rElec   .          Harm     .   (no cloak)
rCorr   .          Rampage  .   (no gloves)
Will    .....                   q - +0 pair of boots
Stlth   ..........              p - amulet of guardian spirit
HPRegen 0.22/turn               j - ring of positive energy
MPRegen 0.11/turn               o - ring of protection from cold

@: corroded, mesmerised
A: antennae 1, demonic guardian 2, foul stench 1, big brain 2
a: Renounce Religion, Recall Undead Harvest


You were on level 8 of the Dungeon.
You worshipped Yredelemnul.
Yredelemnul was noncommittal.
You visited 2 branches of the dungeon, and saw 9 of its levels.

You collected 327 gold pieces.

Inventory:

Hand Weapons
 m - the +2 whip of Dishonesty (weapon) {elec, Int+2}
   (You found it on level 2 of the Dungeon)

   It occasionally discharges a powerful burst of electricity upon striking a
   foe.
   Int:       It affects your intelligence (+2).
Armour
 b - a +0 scale mail (worn)
 c - a +1 buckler (worn)
 q - a +0 pair of boots (worn)
   (You found it on level 5 of the Dungeon)
 u - the +1 robe "Yduhet" {rElec Will+ Str+3}
   (You found it on level 7 of the Dungeon)

   Str:       It affects your strength (+3).
   rElec:     It insulates you from electricity.
   Will:      It increases your willpower.
Jewellery
 j - a ring of positive energy (left hand)
   (You found it on level 1 of the Dungeon)
 o - a ring of protection from cold (right hand)
   (You found it on level 6 of the Dungeon)
 p - an amulet of guardian spirit (around neck)
   (You found it on level 3 of the Dungeon)
 r - a +6 ring of intelligence
   (You found it on level 5 of the Dungeon)
Wands
 d - a wand of iceblast (10)
   (You found it on level 7 of the Dungeon)
 v - a wand of digging (6)
   (You found it on level 2 of the Dungeon)
Scrolls
 g - 2 scrolls of noise {!r}
 i - a scroll of summoning
 k - 3 scrolls of teleportation {@r4}
 l - 7 scrolls of magic mapping
 n - 2 scrolls of enchant armour
 s - a scroll of blinking
 t - a scroll of brand weapon
 w - a scroll of immolation {!r}
 y - a scroll of fog {unknown}
Potions
 a - 3 potions of curing {@q1}
 e - a potion of mutation {unknown}
 f - 2 potions of flight {unknown}
 h - 3 potions of heal wounds {unknown}
 x - a potion of lignification {unknown}


   Skills:
 * Level 8.4 Fighting
 + Level 5.3 Maces & Flails
 + Level 5.8 Armour
 + Level 5.7 Shields


You had 8 spell levels left.
You didn't know any spells.
Your spell library contained the following spells:

 Spells                   Type           Power      Damage    Failure   Level
 Animate Skeleton         Necr           0%         N/A       67%         1
 Apportation              Tloc           0%         N/A       67%         1
 Beastly Appendage        Tmut           0%         N/A       67%         1
 Summon Small Mammal      Summ           0%         N/A       67%         1
 Wereblood                Tmut           0%         N/A       80%         2
 Spider Form              Tmut/Pois      0%         N/A       95%         3


Dungeon Overview and Level Annotations

Branches:
Dungeon (8/15)             Temple (1/1) D:5
   Lair: D:8-11

Altars:
Ashenzari
Cheibriados
Elyvilon
Fedhas
Gozag
Nemelex Xobeh
Okawaru
Qazlal
Sif Muna
Trog
Uskayaw
Vehumet
Wu Jian
Xom
Yredelemnul
The Shining One

Annotations:
D:8 Maggie


Innate Abilities, Weirdness & Mutations

You have a pair of small antennae on your head.
A demonic guardian rushes to your aid.
You may rarely emit foul miasma when damaged in melee.
You have an extremely huge brain. (Int +4)


Message History

(D) Dungeon (T) Temple
Where to? (Enter - D:8, ? - help)
You climb downwards.
Level annotation: Maggie
There is a stone staircase leading up here.
Maggie is nearby!
You hit Maggie.
Maggie hits you with a +1 long sword of distortion!
A demonic guardian appears!
Space warps horribly around you!!
You hit Maggie.
Maggie casts a spell.
Maggie attempts to bespell you! You resist.
Unknown command.
You closely miss Maggie.
Maggie hits you with a +1 long sword of distortion!
You blink.
Your rust devil barely misses Maggie.
Maggie casts a spell.
Maggie attempts to bespell you!
You are mesmerised by Maggie!
You cannot move away from Maggie!
Unknown command.
You cannot move away from Maggie!
Unknown command.
You cannot move away from Maggie!
Unknown command.
Your rust devil hits Maggie!
Your rust devil corrodes Maggie!
You barely miss Maggie.
Your rust devil hits Maggie.
Maggie seems to be corroded for longer.
Maggie barely misses you.
You hit Maggie.
Your rust devil barely misses Maggie.
You completely miss Maggie.
Maggie zaps a wand.
The bolt of acid hits you!!
* * * LOW HITPOINT WARNING * * *
The acid corrodes you!
Your rust devil hits Maggie.
Maggie seems to be corroded for longer.
You closely miss Maggie.
Maggie hits you with a +1 long sword of distortion!
* * * LOW HITPOINT WARNING * * *
Space warps around you!
* * * LOW HITPOINT WARNING * * *
Your rust devil barely misses Maggie.
Okay, then.
You feel better.
Maggie hits you with a +1 long sword of distortion!
* * * LOW HITPOINT WARNING * * *
Space warps horribly around you.
You die...
Your body rises from the dead as a mindless zombie.

#.....# #.#..#.#
.#
#.....###)#..#.+
+
#.........'..+##
##........#..#
#.........#..#
#........####+###
#................
#...##...........
######...@#..##.#
##..@.......
#...4.#....
#..<..#.#.#
######.....# # #
#......)...#
#......#.......
#......#.#>#.#.
#............#


You could see Maggie (mesmerising, corroded, ally target) and a friendly rust
devil (summoned).

Vanquished Creatures
  2 steam dragons
  The ghost of sbbq2022 the Poker, an amateur VSWn (D:5)
  An ice beast (D:7)
  A hornet zombie (D:6)
  An ogre (D:6)
  A kobold brigand (D:4)
  3 bullfrogs
  A wyvern zombie (D:7)
  2 scorpions
  A killer bee (D:7)
  4 wights (D:8)
  A howler monkey (D:6)
  A hound (D:5)
  2 gnoll shamans (D:7)
  2 centaur skeletons (D:7)
  5 iguanas
  A scorpion zombie (D:5)
  4 orc wizards
  A killer bee zombie (D:8)
  13 gnolls
  3 adders
  2 white imps
  An ufetubus (D:5)
  A worm (D:2)
  2 dart slugs (D:1)
  16 orcs
  7 endoplasms
  A giant cockroach (D:2)
  5 goblins
  7 hobgoblins
  2 jackals (D:1)
  6 kobolds
  4 quokkas
  4 ball pythons
  6 bats
  A frilled lizard (D:1)
  4 rats
120 creatures vanquished.

Vanquished Creatures (collateral kills)
  Edmund (D:6)
  An ogre (D:7)
  A wyvern zombie (D:7)
  A scorpion (D:6)
  A wight (D:8)
  A centaur zombie (D:7)
  A jelly (D:7)
  Terence (D:2)
  An ufetubus (D:5)
  An orc (D:7)
  A jackal (D:1)
11 creatures vanquished.

Vanquished Creatures (others)
  A bullfrog zombie (D:8)
  2 scorpion zombies
  A killer bee zombie (D:7)
  An ogre zombie (D:6)
  A spectral jelly (D:7)
  An iguana zombie (D:7)
  7 orc zombies
  A spectral white imp (D:7)
  3 plants
18 creatures vanquished.

Grand Total: 149 creatures vanquished

Notes
Turn   | Place    | Note
-------+----------+-------------------------------------------
     0 | D:1      | bladeefan the Demonspawn Fighter began the quest for the
                  | Orb.
     0 | D:1      | Reached XP level 1. HP: 18/18 MP: 1/1
    42 | D:1      | Gained mutation: A weak demonic guardian rushes to your
                  | aid. [demonic ancestry]
    42 | D:1      | Reached XP level 2. HP: 12/24 MP: 2/2
  1064 | D:1      | Gained mutation: A demonic guardian rushes to your aid.
                  | [demonic ancestry]
  1064 | D:1      | Reached XP level 3. HP: 27/29 MP: 3/3
  1500 | D:2      | Identified the +2 whip of Dishonesty {elec, Int+2}
  1529 | D:2      | Noticed Terence
  1540 | D:2      | Killed Terence
  1541 | D:2      | Gained mutation: You have an unusually large brain. (Int
                  | +2) [demonic ancestry]
  1541 | D:2      | Reached XP level 4. HP: 28/37 MP: 4/4
  1948 | D:2      | Found a faded altar of an unknown god.
  2028 | D:2      | Reached skill level 4 in Fighting
  2594 | D:3      | Reached XP level 5. HP: 42/42 MP: 5/5
  2935 | D:3      | Found a snail-covered altar of Cheibriados.
  3430 | D:4      | Found an ornate altar of the Wu Jian Council.
  3485 | D:4      | Gained mutation: You have a pair of small antennae on your
                  | head. [demonic ancestry]
  3485 | D:4      | Reached XP level 6. HP: 32/50 MP: 6/6
  3624 | D:4      | Found a radiant altar of Vehumet.
  3852 | D:4      | Reached skill level 5 in Fighting
  4336 | D:5      | Entered Level 5 of the Dungeon
  4360 | D:5      | Found a staircase to the Ecumenical Temple.
  4627 | Temple   | Entered the Ecumenical Temple
  4669 | Temple   | Became a worshipper of Yredelemnul the Dark
  4980 | D:5      | Found a large runed translucent door.
  4980 | D:5      | Found a large runed translucent door.
  4982 | D:5      | Noticed sbbq2022's ghost (amateur VSWn)
  5251 | D:6      | Gained mutation: You may rarely emit foul miasma when
                  | damaged in melee. [demonic ancestry]
  5251 | D:6      | Reached XP level 7. HP: 56/56 MP: 7/7
  5284 | D:6      | Noticed Edmund
  5298 | D:6      | Killed Edmund
  5523 | D:6      | Reached skill level 6 in Fighting
  5653 | D:6      | Reached * piety under Yredelemnul
  5843 | D:6      | Noticed a steam dragon
  5872 | D:6      | Killed a steam dragon
  6360 | D:6      | Reached XP level 8. HP: 65/65 MP: 8/8
  6641 | D:5      | Killed sbbq2022's ghost
  6763 | D:7      | Reached skill level 7 in Fighting
  6841 | D:7      | Reached skill level 5 in Armour
  6852 | D:7      | Reached skill level 5 in Shields
  7248 | D:7      | Found a stormy altar of Qazlal.
  7464 | D:7      | Reached skill level 5 in Maces & Flails
  7662 | D:7      | Reached skill level 8 in Fighting
  7662 | D:7      | Gained mutation: You have an extremely huge brain. (Int +4)
                  | [demonic ancestry]
  7662 | D:7      | Reached XP level 9. HP: 30/74 MP: 3/9
  8493 | D:7      | Reached ** piety under Yredelemnul
  8532 | D:7      | Identified the +1 robe "Yduhet" {rElec Will+ Str+3}
  9003 | D:8      | Found a shimmering altar of Xom.
  9003 | D:8      | Noticed Maggie
  9285 | D:8      | Slain by Maggie

Illustrated notes

Levels and vault maps discovered:
D:1:      elethiomel_arrival_shortcut, layout_basic, hex_intersection,
          roderic_serpentine_path
D:2:      layout_basic, hellmonk_ecumenical_altar_run_dry, uniq_terence
D:3:      layout_rooms, amethyst_overflow_temple_binary, serial_curves,
          eino_curves_01, eino_curves_01
D:4:      layout_basic, mainiacjoe_overflow_boulevard,
          mainiacjoe_overflow_six_doors_small
D:5:      layout_loops_cross, mainiacjoe_overflow_cross_hatched,
          minmay_temple_entry_gardened_gates, ebering_ghost_disaster_area,
          minivault_4
D:6:      layout_basic, uniq_edmund
D:7:      minmay_octagon_keep, layout_basic,
          mainiacjoe_overflow_concentric_impassable
D:8:      layout_basic, chequers_temple_overflow_minitemple,
          mainiacjoe_overflow_24_doors, kennysheep_potato, uniq_maggie
Temple:   jpeg_temple_island

Skill      XL: |  1  2  3  4  5  6  7  8 |
---------------+-------------------------+-----
Maces & Flails | 2 3 4 5 |  5.3
Armour         | 3 4 5 |  5.8
Shields        | 3 4 5 |  5.7
Fighting       | 4 5 6 8 |  8.4

Action                   |  1- 3 |  4- 6 |  7- 9 || total
-------------------------+-------+-------+-------++-------
Melee: Flail             |    83 |    52 |       ||   135
       Whip              |       |   118 |   232 ||   350
  Use: Potion            |     1 |     2 |     3 ||     6
       Scroll            |       |     8 |     2 ||    10
 Stab: Distracted        |       |     2 |     2 ||     4
Armor: Scale mail        |    52 |    50 |    62 ||   164
Dodge: Dodged            |    35 |    63 |    85 ||   183
Block: Buckler           |    16 |    38 |    66 ||   120

Table legend: (Time is in decaauts)
 A = Elapsed time spent in this place.
 B = Non-inter-level travel time spent in this place.
 C = Inter-level travel time spent in this place.
 D = Time resting spent in this place.
 E = Time spent auto-exploring this place.
 F = Levels seen in this place.
 G = Mean time per level.
                   A        B        C        D        E       F      G
               +--------+--------+--------+--------+--------+-----+--------+
         Total |   9307 |   9024 |    283 |   1704 |   6017 |   9 | 1034.1 |
       Dungeon |   9235 |   8972 |    263 |   1704 |   6017 |   8 | 1154.4 |
        Temple |     71 |     51 |     20 |      0 |      0 |   1 |   71.0 |
               +--------+--------+--------+--------+--------+-----+--------+

Top non-repeatable levels by time:
     D:7: 2133 daAuts
     D:6: 1337 daAuts
     D:1: 1313 daAuts
     D:4: 1268 daAuts
     D:3: 997 daAuts
     D:5: 946 daAuts
     D:2: 799 daAuts
     D:8: 439 daAuts
  Temple: 71 daAuts
